 Dungeon Crawl Stone Soup version 0.30.0-29-ga12c61a403 (webtiles) character file.

Game seed: 10354212181599917413

70 monsoonserge the Vexing (level 4, 24/24 HPs)
             Began as a Vampire Enchanter on June 13, 2023.
             Was an Initiate of Ashenzari.
             Quit the game on level 2 of the Dungeon.
             The game lasted 00:05:07 (1227 turns).

monsoonserge the Vexing (Vampire Enchanter)         Turns: 1227, Time: 00:05:08

Health: 24/24      AC:  4    Str:  7    XL:     4   Next: 3%
Magic:  7/7        EV: 13    Int: 19    God:    Ashenzari [......]
Gold:   36         SH:  0    Dex: 14    Spells: 2/7 levels left

rFire   . . .        a - +1 dagger
rCold   + + .        (no shield)
rNeg    + + +        b - +0 robe
rPois   ∞            (no helmet)
rElec   .            h - +0 cloak
rCorr   .            e - +0 pair of gloves of the Astrological Moon {Alch, Cun} (curse)
SInv    +            (no boots)
Will    .....        (no amulet)
Stlth   +++++        (no ring)
HPRegen 0.24/turn    (no ring)
MPRegen 0.10/turn

%: no passive effects
@: bloodless
A: bloodless, fangs 3, see invisible, vampiric 2
a: Bat Form, Revivify, Renounce Religion, Shatter the Chains


You were on level 2 of the Dungeon.
You worshipped Ashenzari.
Ashenzari was noncommittal.
You visited 1 branch of the dungeon, and saw 2 of its levels.

You collected 36 gold pieces.

Inventory:

Hand Weapons
 a - a +1 dagger (weapon)
Armour
 b - a +0 robe (worn)
 e - the cursed +0 pair of gloves of the Astrological Moon (worn) {Alch, Cun}
   (You found it on level 1 of the Dungeon)

   It has a curse which improves the following skills: Alchemy: Poison Magic and
   Transmutations.
   Cunning:   Dodging and Stealth.
 g - a +0 scale mail
 h - a +0 cloak (worn)
 l - a +0 ring mail
 m - a +4 chain mail
Magical Staves
 d - a staff of conjuration
Jewellery
 j - an amulet of faith
Scrolls
 f - a scroll of poison {unknown}
 i - a scroll of teleportation {unknown}
 k - a scroll of torment {unknown}
 n - 2 scrolls of identify {unknown}
 r - a scroll of fog {unknown}
Potions
 c - 2 potions of invisibility
 o - a potion of curing {unknown}
 p - a potion of brilliance {unknown}
 q - a potion of lignification {unknown}


   Skills:
 + Level 0.4 Fighting
 + Level 1.9 Short Blades
 + Level 2.7(3.0) Dodging
 + Level 5.1(5.5) Stealth
 + Level 2.0 Spellcasting
 + Level 5.5 Hexes
 * Level 0.9 Ice Magic


You had 2 spell levels left.
You knew the following spells:

 Your Spells              Type           Power      Damage    Failure   Level
a - Ensorcelled Hibernat  Hex/Ice        28%        N/A       7%          2
b - Confusing Touch       Hex            22%        N/A       5%          3

Your spell library contained the following spells:

 Spells                   Type           Power      Damage    Failure   Level
 Tukima's Dance           Hex            22%        N/A       5%          3
 Dazzling Flash           Conj/Hex       24%        N/A       16%         3
 Summon Guardian Golem    Hex/Summ       12%        N/A       16%         3
 Orb of Destruction       Conj           0%         9d5       100%        7
 Spellforged Servitor     Conj/Summ      0%         N/A       100%        7


Dungeon Overview and Level Annotations

Branches:
Dungeon (2/15)

Altars:
Ashenzari

Shops:
D:1 =


Innate Abilities, Weirdness & Mutations

You do not regenerate when monsters are visible.
You are frail without blood (-20% HP).
You can heal yourself when you bite living creatures.
You are immune to poison.
You have razor-sharp teeth.
You have supernaturally acute eyesight. (SInv)
You are afflicted with vampirism and can become a bat while bloodless.


Message History

Things that are here:
a +0 club; a goblin corpse A ball python comes into view.
The ball python moves out of view.
A frilled lizard comes into view.
The frilled lizard hisses angrily.
The frilled lizard barely misses you.
An adder comes into view.
The frilled lizard closely misses you.
You barely miss the frilled lizard. The frilled lizard barely misses you.
You completely miss the frilled lizard. The frilled lizard barely misses you.
You miss the frilled lizard. You bite the frilled lizard.
You kill the frilled lizard!
Found a spear.
The helpless adder fails to defend itself.
You bite the adder, and draw its blood! You impale the adder!!
You kill the adder!
The ball python barely misses you. The ball python grabs you.
The ball python constricts you.
You hit the ball python.
You kill the ball python!
Casting: Ensorcelled Hibernation (safe; 7% risk of failure)
Confirm with . or Enter, or press ? or * to list all spells.
Okay, then.
Okay, then.
Okay, then.
A dart slug comes into view.
A quokka comes into view.
The dart slug launches a dart at you. The slug dart misses you.
The dart slug bites you but does no damage.
You hit the dart slug. You bite the dart slug.
You kill the dart slug!
You have reached level 4!
The helpless quokka fails to defend itself.
You bite the quokka, and draw its blood!
You impale the quokka!!
You kill the quokka!
You see here a quokka corpse.
Are you sure you want to abandon this character and quit the game? (Confirm with "yes".)

########.....#
#.....#
#.....#
#.....#
#######.....#
#...........#
#........####
#........#
#.....@..#
#........#
#........#
#........#
##########


There were no monsters in sight!

Vanquished Creatures
  2 adders (D:2)
  2 dart slugs
  4 endoplasms
  A giant cockroach (D:1)
  8 goblins
  3 hobgoblins
  5 jackals (D:1)
  2 kobolds (D:1)
  2 quokkas
  7 ball pythons
  A bat (D:2)
  3 frilled lizards (D:2)
  4 rats
44 creatures vanquished.

Notes
Turn   | Place    | Note
-------+----------+-------------------------------------------
     0 | D:1      | monsoonserge the Vampire Enchanter began the quest for the
                  | Orb.
     0 | D:1      | Reached XP level 1. HP: 13/13 MP: 3/3
   287 | D:1      | Reached skill level 5 in Stealth
   287 | D:1      | Reached XP level 2. HP: 15/15 MP: 5/5
   293 | D:1      | Reached skill level 5 in Hexes
   316 | D:1      | Learned a level 2 spell: Ensorcelled Hibernation
   333 | D:1      | Found Roceca's Jewellery Shop.
   560 | D:1      | Gained mutation: You are afflicted with vampirism and can
                  | become a bat while bloodless. [Vampire growth]
   560 | D:1      | Reached XP level 3. HP: 4/19 MP: 6/6
   979 | D:2      | Learned a level 3 spell: Confusing Touch
  1025 | D:2      | Found a faded altar of an unknown god.
  1027 | D:2      | Prayed at the altar of an unknown god.
  1027 | D:2      | Became a worshipper of Ashenzari the Shackled
  1221 | D:2      | Reached XP level 4. HP: 24/24 MP: 7/7
  1227 | D:2      | Quit the game

Illustrated notes

Levels and vault maps discovered:
D:1:      scummos_arrival_hexagon, layout_basic, serial_shops,
          nicolae_shop_crystal, minmay_small_reverse_x
D:2:      layout_basic, chequers_ecumenical_altar_twisty

Skill      XL: |  1  2 |
---------------+-------+-----
Stealth        | 5 |  5.1
Hexes          | 5 |  5.5
Fighting       | |  0.4
Short Blades   | |  1.9
Dodging        | |  2.7
Spellcasting   | |  2.0
Ice Magic      | |  0.9

Action                     |  1- 3 |  4- 6 || total
---------------------------+-------+-------++-------
  Melee: Dagger            |   113 |     1 ||   114
         Bite              |    14 |       ||    14
         Punch             |     1 |       ||     1
   Cast: Ensorcelled Hiber |     3 |       ||     3
 Invoke: Curse Item        |     1 |       ||     1
Ability: Exsanguinate      |     1 |       ||     1
   Stab: Sleeping          |    16 |     1 ||    17
         Distracted        |     1 |       ||     1
 Armour: Robe              |    22 |       ||    22
  Dodge: Dodged            |    60 |       ||    60
